 Dungeon Crawl Stone Soup version 0.29.1-15-g9cfb28693d (webtiles) character file.

Game seed: 3878640724666894137

157297 croobank the Fighter (level 17, 0/289 HPs)
             Began as a Demonspawn Conjurer on Mar 2, 2023.
             Was an Initiate of Gozag.
             Succumbed to a nagaraja's bolt of poison
             ... on level 3 of the Snake Pit on Mar 4, 2023.
             The game lasted 04:04:22 (45177 turns).

croobank the Fighter (Demonspawn Conjurer)         Turns: 45177, Time: 04:04:22

Health: 0/289      AC: 28    Str: 13    XL:     17   Next: 12%
Magic:  6/39       EV:  2    Int: 36    God:    Gozag
Gold:   2360       SH:  6    Dex: 14    Spells: 2/35 levels left

rFire   + . .      SeeInvis .   t - +5 trident "Giotiawk" {flame, Contam rPois rCorr Str+4}
rCold   + . .      Faith    .   y - +3 buckler of Segoaski {Int+10 Dex-4}
rNeg    . . .      Spirit   .   (body armour currently unavailable)
rPois   +          Reflect  .   (helmet currently unavailable)
rElec   +          Harm     .   (cloak currently unavailable)
rCorr   +          Rampage  .   (gloves currently unavailable)
Will    ++...      NoTele   +   (boots currently unavailable)
Stlth   ..........              c - amulet of magic regeneration
HPRegen 0.58/turn               S - ring of magical power
MPRegen 0.66/turn               H - +6 ring of dexterity

@: mighty, brilliant, berserking (expiring), lethally poisoned (0 -> -20),
tree-form, resistant, gold aura, very quick
A: stationary, stasis, torment immunity, boosted hp, (yellow scales 2), ignite
blood 2, demonic magic 2, demonic willpower, (weakness stinger 2), no potion
heal 1
a: End Transformation, Renounce Religion, Potion Petition, Call Merchant, Bribe
Branch


You were on level 3 of the Snake Pit.
You worshipped Gozag.
Gozag was most pleased with you.
You were a tree.
You visited 5 branches of the dungeon, and saw 26 of its levels.
You also visited: Bailey and Ice Cave.

You collected 9992 gold pieces.
You spent 3859 gold pieces at shops.
You paid 3773 gold pieces to Gozag.

Inventory:

Hand Weapons
 t - the +5 trident "Giotiawk" (weapon) {flame, Contam rPois rCorr Str+4}
   (You took it off a kobold demonologist on level 9 of the Dungeon)

   It burns those it strikes, dealing additional fire damage.
   Str:       It affects your strength (+4).
   rPois:     It protects you from poison.
   Contam:    It causes magical contamination when unequipped.
   rCorr:     It protects you from acid and corrosion.
 u - the +6 falchion of Pawe {antimagic, *Rage rC- rN+++ rCorr}
   (You found it in an ice cave)

   It reduces the magical energy of the wielder, and disrupts the spells and
   magical abilities of those it strikes.
   Natural abilities and divine invocations are not affected.
   rC:        It makes you vulnerable to cold.
   rN:        It renders you almost immune to negative energy.
   *Rage:     It berserks you when you make melee attacks (+20% chance).
   rCorr:     It protects you from acid and corrosion.
 M - the +3 hand axe of Amorality {vorpal, rC+ Str-3 Int+8}
   (You bought it in a shop on level 2 of the Orcish Mines)

   It inflicts extra damage upon your enemies.
   Str:       It affects your strength (-3).
   Int:       It affects your intelligence (+8).
   rC:        It protects you from cold.
 N - the +2 spear of Sulphur {venom, rElec Will++ Str+2 Int-5}
   (You bought it in a shop on level 2 of the Lair of Beasts)

   It poisons the flesh of those it strikes.
   Str:       It affects your strength (+2).
   Int:       It affects your intelligence (-5).
   rElec:     It insulates you from electricity.
   Will:      It greatly increases your willpower.
 W - a +4 vorpal war axe
 Z - a +9 dagger
Missiles
 d - 9 atropa-tipped darts
 i - 11 javelins
 o - a throwing net (quivered)
 G - 5 boomerangs of dispersal
Armour
 g - a +2 pair of gloves (melded)
 k - a scarf of resistance (melded)
 n - a +5 ring mail of willpower
 y - the +3 buckler of Segoaski (worn) {Int+10 Dex-4}
   (You acquired it on level 1 of the Snake Pit)

   Int:       It affects your intelligence (+10).
   Dex:       It affects your dexterity (-4).
 Q - a +2 hat of stealth (melded)
 T - the +1 ring mail of Exceptional Lucidity (melded) {Regen+ MP+9 Int+2}
   (You found it on level 3 of the Lair of Beasts)

   Int:       It affects your intelligence (+2).
   MP:        It affects your magic capacity (+9).
   Regen:     It increases your rate of health regeneration.
Jewellery
 c - an amulet of magic regeneration (around neck)
 j - a +6 ring of strength
 p - an amulet of reflection
 w - a ring of flight
 E - a ring of wizardry
 H - a +6 ring of dexterity (right branch)
 O - a +6 ring of intelligence
 P - a ring of resist corrosion
 R - a ring of willpower
 S - a ring of magical power (left branch)
Wands
 q - a wand of iceblast (23)
 B - a wand of paralysis (17)
 D - a wand of quicksilver (7)
 L - a wand of mindburst (44)
Scrolls
 b - 4 scrolls of fog
 l - a scroll of silence
 x - 3 scrolls of fear
 C - 3 scrolls of magic mapping
 F - 3 scrolls of summoning
 K - 2 scrolls of vulnerability
 U - 13 scrolls of identify
 V - 2 scrolls of blinking
 X - 2 scrolls of teleportation
Potions
 a - 4 potions of haste
 e - 3 potions of brilliance
 f - 9 potions of curing
 m - a potion of invisibility
 r - 3 potions of heal wounds
 s - 3 potions of ambrosia
 v - 2 potions of resistance
 z - 9 potions of mutation
 A - 3 potions of might
 J - 3 potions of cancellation
 Y - 3 potions of berserk rage
Miscellaneous
 h - a phantom mirror
 I - a phial of floods


   Skills:
 - Level 10.4 Fighting
 - Level 6.4 Armour
 - Level 9.8 Dodging
 - Level 10.0 Stealth
 - Level 9.7 Spellcasting
 - Level 10.0 Conjurations
 - Level 7.0 Hexes
 + Level 9.8 Summonings
 - Level 7.0 Translocations
 - Level 7.0 Transmutations
 - Level 6.9 Fire Magic
 - Level 4.0 Ice Magic
 - Level 8.3 Air Magic
 - Level 9.1 Poison Magic


You had 2 spell levels left.
You knew the following spells:

 Your Spells              Type           Power      Damage    Failure   Level
a - Magic Dart            Conj           100%       1d8       1%          1
b - Searing Ray           Conj           100%       2d8       1%          2
c - Dazzling Flash        Conj/Hex       100%       N/A       1%          3
d - Fulminant Prism       Conj/Hex       43%        3d20      1%          4
e - Mephitic Cloud        Conj/Pois/Air  90%        N/A       1%          3
f - Ignite Poison         Fire/Tmut/Pois 83%        N/A       1%          3
g - Ensorcelled Hibernat  Hex/Ice        100%       N/A       1%          2
h - Iskenderun's Mystic   Conj/Tloc      87%        2d17      1%          4
i - Scorch                Fire           100%       2d10      1%          2
j - Irradiate             Conj/Tmut      43%        3d26      2%          5
k - Summon Lightning Spi  Summ/Air       90%        N/A       1%          4

Your spell library contained the following spells:

 Spells                   Type           Power      Damage    Failure   Level
 Beastly Appendage        Tmut           100%       N/A       1%          1
 Sting                    Tmut/Pois      100%       1d8       1%          1
 Passwall                 Tmut/Erth      49%        N/A       1%          2
 Poisonous Vapours        Pois/Air       100%       N/A       1%          2
 Wereblood                Tmut           80%        N/A       1%          2
 Necrotise                Necr           100%       1d9       3%          1
 Sandblast                Erth           52%        2d12      3%          1
 Gell's Gravitas          Tloc           80%        N/A       1%          3
 Lesser Beckoning         Tloc           80%        N/A       1%          3
 Ozocubu's Armour         Ice            62%        N/A       1%          3
 Portal Projectile        Hex/Tloc       100%       N/A       1%          3
 Spider Form              Tmut/Pois      85%        N/A       1%          3
 Stone Arrow              Conj/Erth      100%       3d13      1%          3
 Teleport Other           Tloc           80%        N/A       1%          3
 Tukima's Dance           Hex            80%        N/A       1%          3
 Airstrike                Air            43%        2d(7-23)  1%          4
 Flame Wave               Conj/Fire      87%        2d19      1%          4
 Olgreb's Toxic Radiance  Pois           90%        N/A       1%          4
 Lightning Bolt           Conj/Air       45%        1d65      1%          5
 Summon Forest            Summ/Tloc      43%        N/A       2%          5
 Alistair's Intoxication  Tmut/Pois      56%        N/A       3%          5
 Silence                  Hex/Air        41%        N/A       3%          5
 Blade Hands              Tmut           40%        N/A       4%          5
 Freezing Cloud           Conj/Ice/Air   41%        6-21      4%          5
 Anguish                  Hex/Necr       29%        N/A       8%          4
 Summon Cactus Giant      Summ           46%        N/A       9%          6
 Vampiric Draining        Necr           26%        2d7       10%         3
 Metabolic Englaciation   Hex/Ice        36%        N/A       10%         5
 Conjure Ball Lightning   Conj/Air       45%        3x3d16    12%         6
 Starburst                Conj/Fire      43%        6d12      16%         6
 Eringya's Noxious Bog    Tmut/Pois      42%        N/A       19%         6
 Dispel Undead            Necr           26%        3d13      32%         4
 Summon Hydra             Summ           46%        N/A       43%         7
 Agony                    Necr           26%        N/A       65%         5
 Dragon Form              Tmut           40%        N/A       83%         7
 Haunt                    Necr/Summ      34%        N/A       98%         7
 Discord                  Hex            40%        N/A       100%        8
 Disjunction              Tloc           40%        N/A       100%        8
 Infestation              Necr           13%        N/A       100%        8
 Corpse Rot               Necr/Pois/Air  Unusable   N/A       N/A         4
 Animate Dead             Necr           Unusable   N/A       N/A         4
 Simulacrum               Ice/Necr       Unusable   N/A       N/A         6

Dungeon Overview and Level Annotations

Branches:
Dungeon (15/15)            Temple (1/1) D:4            Lair (5/5) D:11
  Swamp (0/4) Lair:2        Snake (3/4) Lair:2        Slime (0/5) Lair:5
    Orc (2/2) D:11            Elf (0/3) Orc:2        Vaults (0/5) D:14
 Depths (0/4) D:15         Bailey (visited)           IceCv (visited)

Altars:
Ashenzari
Cheibriados
Dithmenos
Fedhas
Gozag
Hepliaklqana
Kikubaaqudgha
Makhleb
Nemelex Xobeh
Okawaru
Qazlal
Ru
Sif Muna
Trog
Uskayaw
Vehumet
Wu Jian
Xom
Yredelemnul

Shops:
D:7 *   Orc:1 =   Orc:2 *[:(   Lair:2 *!   Snake:1 ?   Snake:2 *((

Annotations:
D:6 3 runed translucent doors, bnorton916's ghost, amateur DEFE
D:9 2 runed translucent doors
Snake:1 1 runed translucent door, roguespy's ghost, journeyman TeAE
Snake:3 Mara


Innate Abilities, Weirdness & Mutations

You are a tree.
Your roots penetrate the ground, keeping you stationary.
You cannot be teleported.
You are immune to unholy pain and torment.
Your maximum health is greatly increased.
Your equipment is partially melded.
((You are mostly covered in yellow scales. (AC +3)))
Your demonic aura often causes spilled blood to erupt in flames.
Spells you cast may paralyse nearby enemies.
You punish those that try to bend your will. (Will+)
((You have a tail ending in a sharp stinger.))
Potions are less effective at restoring your health.


Message History

The bolt of electricity misses the sea snake.
The bolt of electricity hits the sea snake!!
The sea snake dies!
The bolt of electricity hits your lightning spire.
Your lightning spire completely resists.
Croobank's illusion hits your lightning spire but does no damage.
You are too berserk!
Reach: t) +5 trident "Giotiawk" {flame, Contam rPois rCorr Str+4}
Press: ? - help, Dir - move target, f/p - Mara
Aim: Mara, wielding a +0 demon blade of venom and wearing a +0 robe (almost dead, ally target, about 43% to evade the +5 trident "Giotiawk")
You puncture Mara!
Mara is almost dead.
* * * LOW HITPOINT WARNING * * *
You feel sick.
The nagaraja hits you but does no damage.
Mara blinks!
Croobank's illusion casts a spell at you.
The magic dart hits your lightning spire but does no damage.
Reach: t) +5 trident "Giotiawk" {flame, Contam rPois rCorr Str+4}
Press: ? - help, Dir - move target, f - Mara, p - Mara
Aim: Mara, wielding a +0 demon blade of venom and wearing a +0 robe (severely wounded, about 43% to evade the +5 trident "Giotiawk")
You reach to attack!
You miss Mara.
Mara is severely wounded.
* * * LOW HITPOINT WARNING * * *
You feel sick.
The nagaraja points at you and mumbles some strange words.
The bolt of poison hits you but does no damage.
You are lethally poisoned!
You resist.
Mara blinks!
Croobank's illusion hits your lightning spire!
Your lightning spire is destroyed!
Your lightning spire disappears in a puff of smoke!
You are too berserk!
Reach: t) +5 trident "Giotiawk" {flame, Contam rPois rCorr Str+4}
Press: ? - help, Dir - move target, f/p - Mara
Aim: Mara, wielding a +0 demon blade of venom and wearing a +0 robe (severely wounded, about 43% to evade the +5 trident "Giotiawk")
You closely miss Mara.
Mara is severely wounded.
You die...
Your body crumbles into a pile of gold.

######
#$.....
...#####.$.#
#....NR♣.$#
$
#..#...§R$#
....#.$@..#
..# ##......
. #R###...
## #...#
.... !..


You could see 3 Maras, a nagaraja (fast) and croobank's illusion (very
poisoned).

Vanquished Creatures
  Gastronok (Lair:2)
  An orc warlord (Orc:2)
  An ironbound preserver (D:14)
  Nessos (D:12)
  An ettin (Orc:2)
  5 hydras
  Harold (D:11)
  Fannar (D:12)
  5 naga warriors
  A boulder beetle (D:13)
  4 ogre magi
  3 catoblepae (Lair:5)
  4 anacondas
  15 two-headed ogres
  4 centaur warriors
  16 death yaks
  A tengu warrior (D:15)
  2 orc high priests (Orc:1)
  A naga sharpshooter (Snake:2)
  4 shock serpents (Snake:2)
  Urug (Lair:2)
  A deep elf knight (D:15)
  A salamander mystic (Snake:3)
  A deep troll (shapeshifter) (D:15)
  3 deep trolls
  4 naga ritualists
  9 skeletal warriors
  3 sea snakes (Snake:2)
  A bog body (Lair:2)
  A wizard (D:9)
  Pikel (D:8)
  4 deep elf pyromancers
  A necromancer (IceCv)
  7 orc knights
  3 orc sorcerers
  6 mana vipers
  14 ugly things
  5 manticores
  10 salamanders
  8 cyclopes
  A guardian serpent (Lair:2)
  2 centaur zombies (D:11)
  20 elephants
  37 black mambas
  2 naga magi (Snake:2)
  4 cane toads
  6 gargoyles
  An ice statue (IceCv)
  An unseen horror (D:12)
  A centaur skeleton (D:11)
  2 freezing wraiths (IceCv)
  6 kobold demonologists
  10 ice devils (IceCv)
  A tengu conjurer (D:15)
  An anaconda simulacrum (IceCv)
  An efreet (D:14)
  13 komodo dragons
  3 hellwings (D:11)
  14 trolls
  A polar bear (Lair:4)
  A hornet (shapeshifter) (D:15)
  2 harpy zombies (D:11)
  44 slime creatures
  A hornet (D:9)
  10 blink frogs
  7 dream sheep (Lair:5)
  A centaur simulacrum (D:14)
  A jumping spider (shapeshifter) (D:15)
  2 shadows
  7 wyverns
  A vampire (D:10)
  A wraith (D:14)
  43 yaks
  A spriggan (shapeshifter) (D:15)
  A water elemental (D:15)
  3 dire elephant simulacra (IceCv)
  A basilisk (Lair:5)
  8 vampire mosquitoes
  2 death yak simulacra (IceCv)
  Menkaure (D:5)
  2 harpy simulacra (IceCv)
  2 steam dragons (D:8)
  7 wargs
  10 nagas
  2 acid dragons
  5 hydra simulacra (IceCv)
  12 water moccasins
  32 orc warriors
  A black bear (D:6)
  3 wolves (Lair:1)
  28 ogres
  An ogre (shapeshifter) (D:14)
  11 centaurs
  A phantom (D:7)
  4 lemures (D:8)
  9 bullfrogs
  2 kobold brigands
  Blork the orc (D:5)
  2 scorpions
  3 necrophages
  2 cane toad simulacra (IceCv)
  9 wights
  2 two-headed ogre simulacra (IceCv)
  3 elephant simulacra (IceCv)
  4 killer bees
  2 howler monkeys (D:9)
  9 electric eels
  4 hounds
  22 orc priests
  3 gnoll boudas
  2 iguanas
  Ijyb (D:5)
  20 orc wizards
  8 polar bear simulacra (IceCv)
  5 hell rats (Lair:2)
  5 wolf simulacra (IceCv)
  20 gnolls
  5 adders
  2 naga simulacra (IceCv)
  2 shadow imps (D:7)
  4 ufetubi
  3 dart slugs
  A worm (D:2)
  72 orcs
  2 endoplasms
  13 goblins
  12 hobgoblins
  3 jackals (D:3)
  14 kobolds
  2 quokkas
  9 ball pythons
  3 bats
  3 frilled lizards
  3 rats
  17 fulminant prisms
850 creatures vanquished.

Vanquished Creatures (collateral kills)
  Jorgrun (D:12)
  A sea snake (Snake:3)
  A cyclops (D:12)
  An acid dragon (D:12)
  A sky beast (D:5)
  An adder (D:5)
  An ufetubus (D:5)
  An orc (D:5)
8 creatures vanquished.

Vanquished Creatures (others)
  A boulder beetle (D:12)
  A wizard (D:15)
  3 bushes (Lair:5)
  368 fulminant prisms
  55 fungi
  92 plants
520 creatures vanquished.

Grand Total: 1378 creatures vanquished

Notes
Turn   | Place    | Note
-------+----------+-------------------------------------------
     0 | D:1      | croobank the Demonspawn Conjurer began the quest for the
                  | Orb.
     0 | D:1      | Reached XP level 1. HP: 13/13 MP: 3/3
   500 | D:1      | Gained mutation: You are partially covered in yellow
                  | scales. (AC +2) [demonic ancestry]
   500 | D:1      | Reached XP level 2. HP: 19/19 MP: 1/5
   719 | D:1      | Learned a level 2 spell: Searing Ray
  1357 | D:2      | Gained mutation: You are mostly covered in yellow scales.
                  | (AC +3) [demonic ancestry]
  1357 | D:2      | Reached XP level 3. HP: 24/24 MP: 1/6
  1361 | D:2      | Learned a level 3 spell: Dazzling Flash
  2362 | D:3      | Noticed a scorpion
  2479 | D:3      | Killed a scorpion
  2480 | D:3      | Reached skill level 1 in Hexes
  2480 | D:3      | Gained mutation: Your demonic aura sometimes causes spilled
                  | blood to erupt in flames. [demonic ancestry]
  2480 | D:3      | Reached XP level 4. HP: 28/31 MP: 4/8
  2713 | D:3      | Reached skill level 1 in Fighting
  2818 | D:3      | Found a faded altar of an unknown god.
  2957 | D:3      | Gained mutation: Spells you cast may paralyse adjacent
                  | enemies. [demonic ancestry]
  2957 | D:3      | Reached XP level 5. HP: 37/37 MP: 0/9
  3494 | D:4      | Noticed an ogre
  3502 | D:4      | Killed an ogre
  3503 | D:4      | Reached XP level 6. HP: 44/44 MP: 1/10
  3595 | D:4      | Learned a level 4 spell: Fulminant Prism
  3732 | D:4      | Reached skill level 5 in Conjurations
  4315 | D:4      | Found a staircase to the Ecumenical Temple.
  4323 | D:4      | Gained mutation: You have a small tail. [demonic ancestry]
  4323 | D:4      | Reached XP level 7. HP: 51/51 MP: 3/12
  4408 | Temple   | Entered the Ecumenical Temple
  4436 | Temple   | Became a worshipper of Gozag Ym Sagoz the Greedy
  4990 | D:5      | Entered Level 5 of the Dungeon
  4990 | D:5      | Noticed Ijyb
  5003 | D:5      | Killed Ijyb
  5066 | D:5      | Noticed Blork the orc
  5083 | D:5      | Killed Blork the orc
  5102 | D:5      | Noticed Menkaure
  5112 | D:5      | Killed Menkaure
  5827 | D:5      | Noticed a wyvern
  5829 | D:5      | Noticed a vampire mosquito
  6187 | D:5      | Found an iron altar of Okawaru.
  6298 | D:5      | Reached XP level 8. HP: 23/58 MP: 2/13
  7256 | D:6      | Found a shadowy altar of Dithmenos.
  7345 | D:6      | Found a runed translucent gate.
  7345 | D:6      | Noticed bnorton916's ghost (amateur DEFE)
  7346 | D:6      | Found a runed translucent gate.
  7347 | D:6      | Found a runed translucent gate.
  7347 | D:6      | Identified the +8 chain mail "Mylar" {Str+3}
  8658 | D:7      | Found Betuw's General Store.
  8686 | D:7      | Bought a scroll of enchant armour for 90 gold pieces
  8686 | D:7      | Bought a potion of heal wounds for 60 gold pieces
  8686 | D:7      | Bought a ring of resist corrosion for 240 gold pieces
  8778 | D:7      | Found a flagged portal.
  8821 | Bailey   | Entered a bailey
  8944 | Bailey   | Learned a level 3 spell: Mephitic Cloud
  9097 | Bailey   | Reached skill level 5 in Stealth
  9309 | Bailey   | Gained mutation: You have a tail ending in a sharp stinger.
                  | [demonic ancestry]
  9309 | Bailey   | Reached XP level 9. HP: 65/66 MP: 5/16
  9438 | Bailey   | Noticed a kobold demonologist
  9449 | Bailey   | Killed a kobold demonologist
  9458 | Bailey   | Reached skill level 1 in Air Magic
  9458 | Bailey   | Reached skill level 1 in Poison Magic
  9773 | Bailey   | Found an iron altar of Okawaru.
  9773 | Bailey   | Noticed an orc knight
  9773 | Bailey   | Noticed a kobold demonologist
  9784 | Bailey   | Killed an orc knight
  9785 | Bailey   | Reached skill level 5 in Fighting
  9785 | Bailey   | Reached skill level 5 in Dodging
  9785 | Bailey   | Reached skill level 5 in Spellcasting
  9785 | Bailey   | Noticed a red devil
  9788 | Bailey   | Killed a kobold demonologist
  9789 | Bailey   | Reached skill level 5 in Hexes
  9871 | Bailey   | Identified the +0 ring mail of Fortification {*Corrode rC+
                  | Int+2 Dex+3}
 10001 | Bailey   | Acquired a book of Changes
 10588 | Bailey   | Noticed an orc knight
 10599 | Bailey   | Killed an orc knight
 10600 | Bailey   | Reached XP level 10. HP: 39/74 MP: 9/18
 11146 | D:7      | Found a hide-covered altar of Uskayaw.
 11294 | D:7      | Found a faded altar of an unknown god.
 11294 | D:7      | Noticed a gargoyle
 11295 | D:7      | Found a hazy altar of Hepliaklqana.
 11301 | D:7      | Killed a gargoyle
 11393 | D:7      | Found a sparkling altar of Nemelex Xobeh.
 12462 | D:8      | Found a burning altar of Makhleb.
 13020 | D:8      | Reached skill level 1 in Armour
 13198 | D:8      | Noticed Pikel
 13204 | D:8      | Killed Pikel
 13556 | D:9      | Found a large runed translucent door.
 13556 | D:9      | Found a large runed translucent door.
 13558 | D:9      | Found a large runed translucent door.
 13558 | D:9      | Found a large runed translucent door.
 13560 | D:9      | Noticed a cyclops
 13560 | D:9      | Noticed a wizard
 13894 | D:9      | Found a sacrificial altar of Ru.
 13998 | D:9      | Noticed a purple ugly thing
 14013 | D:9      | Killed a purple ugly thing
 14161 | D:9      | Gained mutation: You punish those that try to bend your
                  | will. (Will+) [demonic ancestry]
 14161 | D:9      | Reached XP level 11. HP: 81/81 MP: 17/20
 14178 | D:9      | Identified the +5 trident "Giotiawk" {flame, Contam rPois
                  | rCorr Str+4}
 14180 | D:9      | Noticed a centaur warrior
 14196 | D:9      | Killed a centaur warrior
 14674 | D:10     | Entered Level 10 of the Dungeon
 14719 | D:10     | Found an ornate altar of the Wu Jian Council.
 15224 | D:10     | Noticed an eight-headed hydra
 15229 | D:10     | Killed an eight-headed hydra
 15928 | D:11     | Found a staircase to the Orcish Mines.
 15935 | D:11     | Noticed a two-headed ogre
 16437 | D:11     | Learned a level 3 spell: Ignite Poison
 16780 | D:11     | Killed a two-headed ogre
 16804 | D:11     | Reached skill level 1 in Transmutations
 16910 | D:11     | Reached skill level 1 in Fire Magic
 17049 | D:11     | Reached skill level 5 in Poison Magic
 17403 | D:11     | Found a staircase to the Lair.
 17639 | D:11     | Found the +4 Cigotuvi's embrace {rMiasma Drain rN+}
 17894 | D:11     | Noticed Harold
 17907 | D:11     | Killed Harold
 17908 | D:11     | Reached XP level 12. HP: 53/91 MP: 12/22
 18100 | D:11     | Reached skill level 5 in Armour
 18210 | D:11     | Noticed a two-headed ogre
 18223 | D:11     | Noticed a two-headed ogre
 18223 | D:11     | Killed a two-headed ogre
 18230 | D:11     | Killed a two-headed ogre
 18231 | D:11     | Noticed an ogre mage
 18236 | D:11     | Noticed a two-headed ogre
 18239 | D:11     | Killed an ogre mage
 18247 | D:11     | Killed a two-headed ogre
 18636 | D:12     | Noticed Jorgrun
 18650 | D:12     | Killed Jorgrun
 18651 | D:12     | Reached skill level 5 in Air Magic
 19160 | Lair:1   | Entered Level 1 of the Lair of Beasts
 20624 | Lair:2   | Noticed an eight-headed hydra
 20633 | Lair:2   | Killed an eight-headed hydra
 20792 | Lair:2   | Noticed Gastronok
 21118 | Lair:3   | Reached XP level 13. HP: 98/98 MP: 24/24
 21169 | Lair:3   | Learned a level 2 spell: Ensorcelled Hibernation
 21258 | Lair:3   | Got the Compendium of Shadowy Impurities
 21454 | Lair:2   | Found a staircase to the Snake Pit.
 21666 | Lair:2   | Noticed Urug
 21683 | Lair:2   | Killed Urug
 21684 | Lair:2   | Reached skill level 1 in Ice Magic
 21878 | Lair:2   | Killed Gastronok
 22334 | Lair:2   | Found a staircase to the Swamp.
 24118 | Lair:3   | Identified the +1 ring mail of Exceptional Lucidity {Regen+
                  | MP+9 Int+2}
 26476 | Lair:4   | Gained mutation: Spells you cast may paralyse nearby
                  | enemies. [demonic ancestry]
 26476 | Lair:4   | Reached XP level 14. HP: 106/106 MP: 26/26
 26990 | Lair:5   | Entered Level 5 of the Lair of Beasts
 28058 | Lair:5   | Learned a level 4 spell: Iskenderun's Mystic Blast
 28095 | Lair:5   | Identified the +7 chain mail of Sunaymeb {Int+6 Dex+3}
 28170 | Lair:5   | Found a staircase to the Slime Pits.
 28208 | Lair:5   | Reached skill level 1 in Translocations
 28697 | Lair:5   | Reached skill level 5 in Transmutations
 28786 | Lair:5   | Reached skill level 5 in Fire Magic
 29428 | Orc:1    | Entered Level 1 of the Orcish Mines
 29459 | Orc:1    | Reached skill level 10 in Conjurations
 29559 | Orc:2    | Entered Level 2 of the Orcish Mines
 29920 | Orc:2    | Found a frozen archway.
 29942 | IceCv    | Entered an ice cave
 29952 | IceCv    | Learned a level 2 spell: Scorch
 30400 | IceCv    | Identified the +6 falchion of Pawe {antimagic, *Rage rC-
                  | rN+++ rCorr}
 30441 | IceCv    | Found an ancient bone altar of Kikubaaqudgha.
 31337 | IceCv    | Got the Omnibus of Twisted Hoarfrost
 31699 | Orc:1    | Learned a level 5 spell: Irradiate
 32102 | Orc:2    | Gained mutation: Your demonic aura often causes spilled
                  | blood to erupt in flames. [demonic ancestry]
 32102 | Orc:2    | Reached XP level 15. HP: 113/113 MP: 27/27
 32687 | Orc:2    | Found Milluwopp's General Store.
 32695 | Orc:2    | Found Eriatt's Antique Armour Shop.
 32697 | Orc:2    | Found Onac's Book Emporium.
 32698 | Orc:2    | Bought a scroll of magic mapping for 105 gold pieces
 32698 | Orc:2    | Bought a scroll of magic mapping for 105 gold pieces
 32705 | Orc:2    | Found Sapaiw's Weapon Boutique.
 32714 | Orc:2    | Bought the +3 hand axe of Amorality {vorpal, rC+ Str-3
                  | Int+8} for 704 gold pieces
 32891 | Orc:2    | Noticed an orc warlord
 32901 | Orc:2    | Killed an orc warlord
 33200 | Orc:2    | Found a staircase to the Elven Halls.
 33746 | Orc:1    | Found Hoschemea's Jewellery Shoppe.
 33883 | Orc:1    | Bought a +6 ring of intelligence for 396 gold pieces
 33883 | Orc:1    | Bought a ring of willpower for 275 gold pieces
 34971 | D:12     | Reached skill level 5 in Translocations
 35050 | D:12     | Noticed Nessos
 35070 | D:12     | Killed Nessos
 35903 | D:12     | Noticed Fannar
 35924 | D:12     | Killed Fannar
 36525 | D:13     | Reached skill level 10 in Stealth
 37375 | D:14     | Reached skill level 10 in Fighting
 37886 | D:13     | Reached XP level 16. HP: 82/122 MP: 29/29
 38021 | D:14     | Found a shimmering altar of Xom.
 39038 | D:14     | Found a gate to the Vaults.
 39659 | D:15     | Entered Level 15 of the Dungeon
 40174 | D:15     | Paralysed by a hornet for 3 turns
 41072 | D:15     | Found a staircase to the Depths.
 41241 | D:15     | Learned a level 4 spell: Summon Lightning Spire
 41402 | Lair:2   | Bought a potion of heal wounds for 65 gold pieces
 41402 | Lair:2   | Bought a potion of heal wounds for 65 gold pieces
 41402 | Lair:2   | Bought a potion of haste for 130 gold pieces
 41402 | Lair:2   | Bought a potion of haste for 130 gold pieces
 41402 | Lair:2   | Bought a potion of berserk rage for 65 gold pieces
 41405 | Lair:2   | Bought a potion of invisibility for 144 gold pieces
 41419 | Snake:1  | Entered Level 1 of the Snake Pit
 41433 | Snake:1  | Reached skill level 1 in Summonings
 41503 | Snake:1  | Found Vaoca's Magic Scroll Shop.
 41572 | Snake:1  | Bought a scroll of blinking for 97 gold pieces
 41572 | Snake:1  | Bought a scroll of blinking for 97 gold pieces
 41604 | Snake:1  | Found a runed translucent door.
 41605 | Snake:1  | Found a shimmering altar of Xom.
 41605 | Snake:1  | Noticed roguespy's ghost (journeyman TeAE)
 41695 | Snake:1  | Reached skill level 5 in Summonings
 41941 | Snake:1  | Acquired the +3 buckler of Segoaski {Int+10 Dex-4}
 42388 | Lair:2   | Bought the +2 spear of Sulphur {venom, rElec Will++ Str+2
                  | Int-5} for 635 gold pieces
 42958 | Snake:2  | Found Lenkag's General Store.
 42962 | Snake:2  | Found Buegok's Weapon Emporium.
 42971 | Snake:2  | Bought 3 scrolls of summoning for 456 gold pieces
 43159 | Snake:2  | HP: 1/123 [shock serpent/bolt of electricity (14)]
 43257 | Snake:1  | Gained mutation: Potions are less effective at restoring
                  | your health. [mutagenic glow]
 43633 | Snake:2  | Reached XP level 17. HP: 67/129 MP: 29/30
 44701 | Snake:2  | Found Moodeg's Antique Weapon Emporium.
 45155 | Snake:3  | Noticed Mara
 45167 | Snake:3  | Noticed croobank's illusion
 45167 | Snake:3  | HP: 2/129 [Mara (illusionary)/+0 demon blade of venom (9)]
 45174 | Snake:3  | HP: 7/289 [Mara (illusionary)/+0 demon blade of venom (15)]
 45177 | Snake:3  | Succumbed to a nagaraja's bolt of poison

Illustrated notes

Levels and vault maps discovered:
D:1:      heliophobic_arrival_glass_houses, layout_loops_ring
D:2:      layout_basic
D:3:      layout_loops_cross, shapermc_ecumenical_altar_mp_urbaneastern
D:4:      layout_loops_ring, temple_green
D:5:      cheibrodos_helix_gallery, layout_layer_cave,
          nicolae_overflow_hidden_temple, corexii_hall_statues_l,
          lightli_corner_chamber, uniq_blork_the_orc, uniq_menkaure, uniq_ijyb
D:6:      layout_loops_corners, nicolae_dithmenos_through_a_glass_darkly,
          biasface_ghost_orc_armoury
D:7:      layout_basic, nicolae_uskayaw_dance_hall,
          beargit_hepliaklqana_dungeon_heroes, nemelex_altar_shiori,
          serial_shops, nicolae_square_shop, enter_bailey_3
D:8:      layout_layer_cave, nicolae_overflow_crystal_walls, uniq_pikel
D:9:      layout_irregular_city, nicolae_ru_the_path_less_chosen,
          minmay_hollow_rounded_squares
D:10:     layout_grid_maze, amcnicky_altar_gilded
D:11:     layout_basic, lair_entry_dummy, david_orc_3, serial_aquarium,
          aquarium_bridge_long_separate [aquarium_subvault_wall,
          aquarium_subvault_bridge, aquarium_subvault_wall,
          aquarium_subvault_bridge, aquarium_subvault_wall,
          aquarium_subvault_bridge], aquarium_window_corridor_1,
          aquarium_window_2, aquarium_window_fake, aquarium_view_2f,
          aquarium_view_2g, aquarium_pool_double, nrook_mini_vaults,
          hellmonk_guarded_unrand_cigotuvi, uniq_harold
D:12:     layout_cave_pods, nrook_loot_triangle, uniq_nessos, uniq_fannar,
          uniq_jorgrun
D:13:     layout_gridville
D:14:     layout_long_grid, skrybe_vaults_entry_preservation,
          minmay_misc_feat_tiny, xom_confusion_cloud
D:15:     hangedman_depths_entry_civil_slaughter, layout_loops_corners,
          nicolae_two_hexagons, chequers_big_river
Temple:   compressed_dpeg_circular_temple
Lair:1:   layout_gridlike
Lair:2:   layout_concentric_octagons, skrybe_swamp_entry_bodies,
          minmay_snake_entry_spellcaster, uniq_gastronok, uniq_urug
Lair:3:   layout_regular_city, eino_small_chamber_without_monster
Lair:4:   layout_roguey
Lair:5:   evilmike_catoblepas_cave, layout_loops_ring, slime_entry_1,
          infiniplex_staircase_pool_2
Snake:1:  layout_misc_corridors, ebering_ghost_xom, serial_shops,
          nicolae_diamond_shop
Snake:2:  layout_cave_town, serial_shops, shop, nicolae_snake_springs,
          minmay_shop_star
Snake:3:  layout_layer_cave, serial_shops, statue_bzr, nicolae_take_the_stairs,
          serial_bayou_shore_a, uniq_mara
Orc:1:    layout_caves, serial_shops, nicolae_shop_competitors_out_of_business,
          special_room [special_room_orc], nicolae_orc_rockfall
Orc:2:    st_orc_open, layout_diamond_mine, portal_ice_cave_entry_pillars_2,
          nicolae_orc_damp_corner

Skill      XL: |  1  2  3  4  5  6  7  8  9 10 11 12 13 14 15 16 17 |
---------------+----------------------------------------------------+-----
Stealth        | 2 3 4 5 6 7 8 9 10 | 10.0
Dodging        | 2 3 4 5 6 7 8 9 |  9.8
Hexes          | 1 2 3 4 5 6 7 |  7.0
Fighting       | 1 2 3 4 5 6 7 8 9 10 | 10.4
Spellcasting   | 3 4 5 6 7 8 9 |  9.7
Conjurations   | 5 6 7 8 9 10 | 10.0
Air Magic      | 2 3 4 5 6 7 8 |  8.3
Poison Magic   | 2 4 5 6 7 8 9 |  9.1
Armour         | 2 4 6 |  6.4
Transmutations | 1 3 4 5 6 7 |  7.0
Fire Magic     | 1 3 4 5 6 |  6.9
Ice Magic      | 2 4 |  4.0
Translocations | 3 6 7 |  7.0
Summonings     | 8 9 |  9.8

Action                   |  1- 3 |  4- 6 |  7- 9 | 10-12 | 13-15 | 16-18 || total
-------------------------+-------+-------+-------+-------+-------+-------++-------
Melee: Dagger            |    18 |    30 |   162 |   198 |    28 |    22 ||   458
       Tailslap          |       |       |    29 |    33 |    79 |    11 ||   152
       Punch             |       |       |     5 |     2 |     5 |       ||    12
       Trident           |       |       |       |       |   308 |    76 ||   384
       Hand axe          |       |       |       |       |    63 |       ||    63
       Spear             |       |       |       |       |       |     4 ||     4
Throw: Throwing net      |       |       |       |       |     7 |     4 ||    11
 Cast: Magic Dart        |    40 |    26 |    54 |    75 |   172 |    55 ||   422
       Searing Ray       |    10 |    19 |    43 |   103 |   251 |   104 ||   530
       Dazzling Flash    |       |       |    31 |    68 |    81 |     2 ||   182
       Fulminant Prism   |       |       |       |    22 |   271 |    92 ||   385
       Mephitic Cloud    |       |       |       |    13 |    25 |       ||    38
       Ignite Poison     |       |       |       |     6 |    13 |       ||    19
       Scorch            |       |       |       |       |    43 |     3 ||    46
       Iskenderun's Myst |       |       |       |       |   114 |   117 ||   231
       Irradiate         |       |       |       |       |    29 |    12 ||    41
       Ensorcelled Hiber |       |       |       |       |     4 |     3 ||     7
       Summon Lightning  |       |       |       |       |       |     2 ||     2
Invok: Potion Petition   |       |       |       |       |     3 |     3 ||     6
       Call Merchant     |       |       |       |       |       |     2 ||     2
  Use: Potion            |     1 |     1 |     3 |     1 |     7 |     1 ||    14
       Scroll            |       |       |    14 |    18 |    16 |     5 ||    53
 Stab: Paralysed         |       |     2 |    42 |    56 |   100 |    15 ||   215
       Sleeping          |       |       |     3 |    11 |     6 |     2 ||    22
       Invisible         |       |       |     4 |    18 |    11 |       ||    33
       Distracted        |       |       |     1 |       |     4 |     3 ||     8
       Held in net/web   |       |       |       |       |     1 |     2 ||     3
Armor: Robe              |     9 |    10 |    47 |       |       |       ||    66
       Ring mail         |       |       |    12 |   205 |   317 |    44 ||   578
       Skin              |       |       |       |       |       |    11 ||    11
Dodge: Dodged            |    14 |    23 |    90 |   239 |   564 |    86 ||  1016
Block: Other             |       |       |    34 |     9 |       |       ||    43
       Reflection        |       |       |       |     1 |       |       ||     1
       Buckler           |       |       |       |       |       |    41 ||    41
